 Dungeon Crawl Stone Soup version 0.30-a0-1160-g6e42c06551 (webtiles) character file.

Game seed: 17664458259772282530

122 Strat the Chopper (level 4, -3/40 HPs)
             Began as a Minotaur Reaver on Apr 26, 2023.
             Was a Follower of Fedhas.
             Slain by Sigmund
             ... wielding a +0 scythe
              (6 damage)
             ... on level 2 of the Dungeon.
             The game lasted 00:03:23 (1766 turns).

Strat the Chopper (Minotaur Reaver)                 Turns: 1766, Time: 00:03:23

Health: -3/40      AC:  9    Str: 19    XL:     4   Next: 78%
Magic:  5/5        EV:  8    Int: 10    God:    Fedhas [*.....]
Gold:   122        SH:  0    Dex:  8    Spells: 4/5 levels left

rFire   . . .        a - +0 hand axe
rCold   + . .        (no shield)
rNeg    . . .        d - +1 chain mail {rC+}
rPois   .            (helmet restricted)
rElec   .            (no cloak)
rCorr   +            (no gloves)
SInv    .            (no boots)
Will    .....        (no amulet) Stlth
                     n - ring of resist corrosion
HPRegen 0.26/turn    (no ring)
MPRegen 0.09/turn

%: no passive effects
@: no status effects
A: horns 2, retaliatory headbutt
a: Renounce Religion


You were on level 2 of the Dungeon.
You worshipped Fedhas.
Fedhas was aware of your devotion.
You visited 1 branch of the dungeon, and saw 4 of its levels.

You collected 122 gold pieces.

Inventory:

Hand Weapons
 a - a +0 hand axe (weapon)
Armour
 b - a +0 leather armour
 d - a +1 chain mail of cold resistance (worn)
 g - a +0 ring mail
 j - a +0 scale mail
Jewellery
 n - a ring of resist corrosion (left hand)
Wands
 c - a wand of flame (7)
Scrolls
 e - a scroll of brand weapon {unknown}
 f - 2 scrolls of teleportation {unknown}
 i - a scroll of enchant weapon {unknown}
 l - a scroll of fear {unknown}
Potions
 h - a potion of attraction
 k - 2 potions of mutation
 m - a potion of resistance {unknown}


   Skills:
 + Level 3.6 Fighting
 * Level 5.4 Axes
 + Level 2.5 Armour
 - Level 2.1 Dodging
 - Level 1.3 Spellcasting
 - Level 2.1 Conjurations


You had 4 spell levels left.
You knew the following spells:

 Your Spells              Type           Power      Damage    Failure   Level
a - Kiss of Death         Conj/Necr      8%         2d6       88%         1

Your spell library contained the following spells:

 Spells                   Type           Power      Damage    Failure   Level
 Momentum Strike          Conj/Tloc      4%         3d8       95%         2
 Hailstorm                Conj/Ice       2%         3d3       99%         3


Dungeon Overview and Level Annotations

Branches:
Dungeon (4/15)
 Temple: D:4-7

Altars:
Fedhas

Annotations:
D:2 Sigmund
D:3 1 runed translucent door, Crazy Yiuf


Innate Abilities, Weirdness & Mutations

You have a pair of horns on your head.
You reflexively headbutt those who attack you in melee.


Message History

Something hits you!
* * * LOW HITPOINT WARNING * * *
Sigmund appears from thin air!
Reactivating autopickup.
Sigmund closely misses you. Sigmund casts a spell at you.
You resist with some effort. Sigmund gestures at you while chanting.
You resist with some effort. Sigmund casts a spell at you.
You are confused.
A bat comes into view.
Sigmund casts a spell at you. You resist with some effort.
The bat hits you but does no damage.
You closely miss the bat. The bat hits you but does no damage.
The bat closely misses you. Sigmund gestures at you while chanting.
You are more confused.
Found a stone staircase leading down.
The bat hits you but does no damage. Sigmund looks at you with fury.
The bat hits you but does no damage.
You bump into the rock wall.
The bat hits you but does no damage. x2
You hit the bat.
You kill the bat!
Fedhas appreciates your contribution to the ecosystem.
You bump into the rock wall.
You bump into the rock wall.
An adder comes into view.
Found a stone staircase leading up.
Sigmund hits you with a +0 scythe!
* * * LOW HITPOINT WARNING * * *
You bump into the rock wall.
You feel less confused. Sigmund hits you with a +0 scythe.
* * * LOW HITPOINT WARNING * * *
It was a potion of cancellation.
You feel magically purged. Sigmund attacks as you move away!
Sigmund closely misses you.
Sigmund hits you from afar with a +0 scythe.
You die...
Fedhas appreciates your contribution to the ecosystem.

.........# .........#
........># ...
.........# ##..J
.........# ### #....
..<......# #.. ?....
.......S.# #..## #....
#@# #..###....
#.########..##†...
####.@J........).....
#..###########.####..
#..######## #.## .
#.........## #..####.
#.#######..####......
#.# ######..###....##
###†###..............#


You could see Sigmund and an adder.

Vanquished Creatures
  Terence (D:3)
  Ijyb (D:3)
  A gnoll (D:1)
  2 adders (D:2)
  A dart slug (D:1)
  2 orcs
  5 ball pythons
  5 bats
  3 endoplasms
  3 giant cockroaches
  5 hobgoblins
  2 kobolds
  A quokka (D:2)
  4 goblins
  A rat (D:2)
37 creatures vanquished.

Notes
Turn   | Place    | Note
-------+----------+-------------------------------------------
     0 | D:1      | Strat the Minotaur Reaver began the quest for the Orb.
     0 | D:1      | Reached XP level 1. HP: 18/18 MP: 1/1
   173 | D:1      | Reached skill level 4 in Axes
   202 | D:1      | Reached XP level 2. HP: 14/25 MP: 3/3
   338 | D:1      | Reached skill level 1 in Armour
   458 | D:1      | Found a faded altar of an unknown god.
   479 | D:1      | Prayed at the altar of an unknown god.
   479 | D:1      | Became a worshipper of Fedhas Madash
   479 | D:1      | Reached * piety under Fedhas
   500 | D:1      | Reached XP level 3. HP: 19/31 MP: 4/4
   815 | D:2      | You fall into a shaft and drop 2 floors!
  1148 | D:3      | Noticed Ijyb
  1183 | D:3      | Killed Ijyb
  1184 | D:3      | Reached skill level 5 in Axes
  1184 | D:3      | Reached XP level 4. HP: 6/38 MP: 5/5
  1396 | D:3      | Noticed Terence
  1410 | D:3      | Killed Terence
  1522 | D:3      | Found a runed translucent door.
  1523 | D:3      | Noticed Crazy Yiuf
  1718 | D:2      | Noticed Sigmund
  1764 | D:2      | HP: 2/40 [Sigmund/+0 scythe (6)]
  1766 | D:2      | Slain by Sigmund

Illustrated notes

Levels and vault maps discovered:
D:1:      lightli_arrival_statue_moat, layout_basic,
          hellmonk_ecumenical_altar_run_dry
D:2:      layout_rooms, basic_altar, reono_crystal_passage, uniq_jessica,
          uniq_sigmund
D:3:      layout_basic, uniq_terence, uniq_crazy_yiuf_cottage, uniq_ijyb
D:4:      layout_basic, grunt_temple_overflow_open, cheibrodos_sewer_entry_drain

Skill      XL: |  1  2  3 |
---------------+----------+-----
Axes           | 4 5 |  5.4
Armour         | 1 2 |  2.5
Fighting       | 3 |  3.6
Dodging        | |  2.1
Spellcasting   | |  1.3
Conjurations   | |  2.1

Action                     |  1- 3 |  4- 6 || total
---------------------------+-------+-------++-------
  Melee: Hand axe          |    71 |    42 ||   113
         Headbutt          |     9 |     6 ||    15
    Use: Scroll            |     4 |       ||     4
         Potion            |     2 |     1 ||     3
 Armour: Ring mail         |     5 |       ||     5
         Scale mail        |    17 |       ||    17
         Chain mail        |       |    24 ||    24
  Dodge: Dodged            |    32 |    23 ||    55

Table legend: (Time is in decaauts)
 A = Elapsed time spent in this place.
 B = Non-inter-level travel time spent in this place.
 C = Inter-level travel time spent in this place.
 D = Time resting spent in this place.
 E = Time spent auto-exploring this place.
 F = Levels seen in this place.
 G = Mean time per level.
                   A        B        C        D        E       F      G
               +--------+--------+--------+--------+--------+-----+--------+
         Total |   1772 |   1767 |      5 |      0 |   1337 |   4 |  443.0 |
       Dungeon |   1772 |   1767 |      5 |      0 |   1337 |   4 |  443.0 |
               +--------+--------+--------+--------+--------+-----+--------+

Top non-repeatable levels by time:
     D:1: 747 daAuts
     D:3: 737 daAuts
     D:2: 163 daAuts
     D:4: 123 daAuts
